[Event "Titled Tuesday Blitz February 07 Early 2023"]
[White "Shipov, Sergei"]
[Black "Aarav Dengla"]
[WhiteFideId "4113624"]
[BlackFideId "45059756"]
[WhiteElo "2541"]
[BlackElo "2343"]
[Result "1-0"]
[Round "03"]
[TimeControl "180+2"]
[Date "2023.02.07"]
[WhiteClock "0:00:13"]
[BlackClock "0:00:08"]

1. d4 d5 2. c4 e6 3. Nc3 a6 4. cxd5 exd5 5. Bf4 Nf6 6. e3 c5 7. Nge2 Nc6 8. g3 cxd4 9. Nxd4 Bc5 10. Nb3 Ba7 11. Bg2 O-O 12. O-O Be6 13. Bg5 h6 14. Bxf6 Qxf6 15. Nxd5 Bxd5 16. Bxd5 Rad8 17. Qf3 Qg6 18. Bxc6 bxc6 19. Rac1 Rd6 20. Rc4 Rb8 21. Rfc1 c5 22. Kg2 Rf6 23. Rf4 Re6 24. Nxc5 Bxc5 25. Rxc5 Rxb2 26. Rc8+ Kh7 27. Rxf7 Rxe3 28. Rff8 Qe6 29. Rh8+ Kg6 30. Rhe8 Rxf3 31. Rxe6+ Rf6 32. Rxf6+ gxf6 33. Rc5 Rxa2 34. g4 Ra4 35. Kg3 Ra3+ 36. f3 Ra1 37. h4 a5 38. h5+ Kf7 39. Rc7+ Kg8 40. Kf4 Ra3 41. Ke4 a4 42. Ra7 Ra1 43. Kf5 a3 44. Kg6 Kf8 45. Kxf6 Ke8 46. f4 a2 47. f5 Rg1 48. Rxa2 Rxg4 49. Ra8+ Kd7 50. Rh8 Rg5 51. Rxh6 Rg1 52. Rh8 Ra1 53. Kf7 Rf1 54. f6 Rh1 55. h6 Rh2 56. Ra8 Rxh6 57. Kg7 Rh1 58. f7 Rg1+ 59. Kh6 Rh1+ 60. Kg5 Rg1+ 61. Kh4 Rh1+ 62. Kg3 Rf1 63. f8=Q Rxf8 64. Rxf8 Ke7 65. Rf5 1-0


[Site "https://www.chess.com"]

[Event "Titled Tuesday Blitz February 07 Early 2023"]
[White "Morefield, Jason"]
[Black "Kuzmin, Roman"]
[WhiteFideId "30920825"]
[BlackFideId "44134932"]
[WhiteElo "2167"]
[BlackElo "2198"]
[Result "0-1"]
[Round "03"]
[TimeControl "180+2"]
[Date "2023.02.07"]
[WhiteClock "0:00:42"]
[BlackClock "0:01:31"]

1. e4 c5 2. Nf3 d6 3. d4 cxd4 4. Nxd4 Nf6 5. Nc3 a6 6. Be2 e5 7. Nb3 Be7 8. Be3 Be6 9. Nd5 Bxd5 10. exd5 Nbd7 11. O-O O-O 12. a4 a5 13. Kh1 Rc8 14. Bb5 b6 15. f4 exf4 16. Bxf4 Nc5 17. Nd4 Nxd5 18. Nc6 Rxc6 19. Bxc6 Nxf4 20. Rxf4 Bf6 21. c3 Be5 22. Rc4 f5 23. Bd5+ Kh8 24. Ra3 Qg5 25. b4 Ne4 26. Bxe4 fxe4 27. Rxe4 Qh5 28. Qg1 Rf1 0-1


[Site "https://www.chess.com"]

[Event "Titled Tuesday Blitz February 07 Early 2023"]
[White "Tymrakiewicz, Rafal"]
[Black "Harshavardhan G B"]
[WhiteFideId "1108832"]
[BlackFideId "25059009"]
[WhiteElo "2144"]
[BlackElo "2408"]
[Result "0-1"]
[Round "03"]
[TimeControl "180+2"]
[Date "2023.02.07"]
[WhiteClock "0:00:13"]
[BlackClock "0:00:23"]

1. d4 Nf6 2. Bg5 d5 3. e3 c5 4. c3 Nc6 5. Nd2 Qb6 6. Qb3 c4 7. Qc2 g6 8. Bxf6 exf6 9. e4 Be6 10. exd5 Bxd5 11. Nxc4 Nxd4 12. Nxb6 Nxc2+ 13. Kd1 Ne3+ 14. fxe3 axb6 15. Bb5+ Ke7 16. Nf3 f5 17. Kc2 Bh6 18. Rhe1 Rhd8 19. a4 Be4+ 20. Kb3 Rd6 21. Rad1 Rad8 22. Rxd6 Rxd6 23. Kb4 Bxf3 24. gxf3 Rd2 25. Re2 Rxe2 26. Bxe2 Bxe3 27. Kc4 h5 28. Kd5 Bf4 29. h3 Kf6 30. b4 Kg5 31. c4 Kh4 32. Bf1 Kg3 33. c5 bxc5 34. bxc5 Kxf3 35. a5 h4 36. Kd4 Bc7 37. a6 bxa6 38. Bxa6 Kg3 39. Bf1 g5 40. Ke3 g4 41. hxg4 fxg4 42. Ke2 h3 0-1


[Site "https://www.chess.com"]

[Event "Titled Tuesday Blitz February 07 Early 2023"]
[White "Tatarinov, Dmitry"]
[Black "Podetti, Davide"]
[WhiteFideId "24160067"]
[BlackFideId "893617"]
[WhiteElo "2310"]
[BlackElo "2281"]
[Result "1-0"]
[Round "03"]
[TimeControl "180+2"]
[Date "2023.02.07"]
[WhiteClock "0:01:16"]
[BlackClock "0:00:05"]

1. e4 e5 2. Nf3 Nc6 3. Bc4 Bc5 4. d3 Nf6 5. O-O d6 6. a4 a6 7. h3 h6 8. c3 O-O 9. Na3 Ba7 10. b4 Be6 11. Re1 Re8 12. Bxe6 Rxe6 13. Nc2 d5 14. b5 axb5 15. axb5 Ne7 16. exd5 Nfxd5 17. c4 Nf6 18. Nxe5 Bxf2+ 19. Kxf2 Rxa1 20. Nxa1 Qd4+ 21. Be3 Qxe5 22. Nb3 Nf5 23. Qf3 Qb2+ 24. Re2 Qxb3 25. Qxf5 g6 26. Qf3 Qxd3 27. Bxh6 Qxc4 28. Rxe6 Qxe6 29. Qxb7 Qa2+ 30. Kg1 Qa1+ 31. Kf2 Qb2+ 32. Kf3 Qb3+ 33. Be3 Qd1+ 34. Kf2 Qc2+ 35. Kg1 Qe4 36. Qc8+ Kg7 37. Bf2 Qb1+ 38. Kh2 Qxb5 39. Qxc7 Qf5 40. Bd4 Qe6 41. Qf4 Qc6 42. g4 Qc2+ 43. Kg3 Qd3+ 44. Kh4 1-0


[Site "https://www.chess.com"]

[Event "Titled Tuesday Blitz February 07 Early 2023"]
[White "Mastrovasilis, Athanasios"]
[Black "sabkeIXO"]
[WhiteFideId "4201990"]
[WhiteElo "2497"]
[BlackElo "2467"]
[Result "1-0"]
[Round "03"]
[TimeControl "180+2"]
[Date "2023.02.07"]
[WhiteClock "0:00:28"]
[BlackClock "0:00:53"]

1. d4 Nf6 2. c4 g6 3. Nc3 Bg7 4. Nf3 O-O 5. h4 h5 6. Bg5 d6 7. e3 Bg4 8. Qc2 Nc6 9. O-O-O Nh7 10. Bf4 Bxf3 11. gxf3 e5 12. dxe5 Nxe5 13. Ne4 Nxf3 14. Be2 Nxh4 15. Rdg1 Nf5 16. Bxh5 Nf6 17. Bf3 Nxe4 18. Bxe4 Ne7 19. Bh6 Bxh6 20. Rxh6 f5 21. Bd5+ Nxd5 22. Rgxg6+ Kf7 23. Qxf5+ Ke8 24. Qxd5 Qd7 25. Re6+ Kd8 26. Rxd6 cxd6 27. Rxd6 Rf7 28. Rxd7+ Rxd7 29. Qg8+ 1-0


[Site "https://www.chess.com"]

[Event "Titled Tuesday Blitz February 07 Early 2023"]
[White "Bilych, Olexiy"]
[Black "Nur-Mukhametova, Alisa"]
[WhiteFideId "14156504"]
[BlackFideId "54117739"]
[WhiteElo "2441"]
[BlackElo "2170"]
[Result "1-0"]
[Round "03"]
[TimeControl "180+2"]
[Date "2023.02.07"]
[WhiteClock "0:00:12"]
[BlackClock "0:00:06"]

1. d4 Nf6 2. c4 e6 3. Nc3 Bb4 4. e3 d5 5. Nf3 O-O 6. Bd3 c5 7. O-O cxd4 8. exd4 dxc4 9. Bxc4 b6 10. Re1 Ba6 11. Bxa6 Nxa6 12. Qa4 Bxc3 13. bxc3 Nc7 14. Bg5 h6 15. Bh4 Ncd5 16. c4 Nf4 17. Rad1 Ng6 18. Bg3 Ne7 19. Ne5 Nf5 20. d5 exd5 21. cxd5 Nxg3 22. hxg3 Re8 23. d6 Re6 24. Qb3 Qe8 25. d7 Nxd7 26. Nf3 Rxe1+ 27. Rxe1 Qf8 28. Qd5 Nf6 29. Qb7 Qc8 30. Re7 Qxb7 31. Rxb7 Nd5 32. Ne5 f6 33. Nc6 a5 34. Rd7 Nb4 35. Ne7+ Kh7 36. Nf5 Nxa2 37. Rxg7+ Kh8 38. Rg6 a4 39. Rxh6+ Kg8 40. Rg6+ Kf7 41. Rg7+ Ke6 42. Nd4+ Kd5 43. Rd7+ Kc4 44. Nc2 Nc3 45. Rc7+ Kb3 46. Nd4+ Kb2 47. Rc4 a3 48. Rb4+ Kc1 49. Rxb6 a2 50. Nb3+ Kc2 51. Na1+ Kd3 52. Rd6+ Kc4 53. Rc6+ Kd3 54. Rd6+ Ke4 55. f3+ Ke5 56. Rd3 Nd5 57. Rd2 Ke6 58. g4 Nb4 59. Kf2 Rc8 60. Rb2 Rc1 61. Rxb4 Rxa1 62. Ra4 Kd6 63. Kg3 Kc5 64. Kf4 Kb5 65. Ra8 Kc6 66. Kf5 Kd6 67. Kxf6 Kc5 68. g5 Kb4 69. g6 Kb3 70. g7 Rg1 71. g8=Q+ 1-0


[Site "https://www.chess.com"]

[Event "Titled Tuesday Blitz February 07 Early 2023"]
[White "Csonka, Balazs"]
[Black "Iljin, Timofey"]
[WhiteFideId "742910"]
[BlackFideId "14110180"]
[WhiteElo "2496"]
[BlackElo "2329"]
[Result "1-0"]
[Round "03"]
[TimeControl "180+2"]
[Date "2023.02.07"]
[WhiteClock "0:00:03"]
[BlackClock "0:00:02"]

1. d4 d5 2. Nf3 Nf6 3. Bf4 c5 4. e3 Nc6 5. Nbd2 cxd4 6. exd4 Bf5 7. c3 e6 8. Qb3 Bd6 9. Qxb7 Bxf4 10. Qxc6+ Kf8 11. Ne5 Rb8 12. Qc5+ Kg8 13. Qxa7 Bxd2+ 14. Kxd2 Rxb2+ 15. Ke1 Qf8 16. a4 g5 17. a5 Kg7 18. a6 Ne4 19. Bd3 Nxf2 20. Bxf5 Nxh1 21. Bxe6 Rxg2 22. Kf1 Rxh2 23. Kg1 Rf2 24. Kxh1 Qd6 25. Bxf7 Rf8 26. Bh5+ Kh6 27. Qd7 1-0


[Site "https://www.chess.com"]

[Event "Titled Tuesday Blitz February 07 Early 2023"]
[White "Leiva, Gianmarco"]
[Black "Mirzanurov, Bulat"]
[WhiteFideId "3804399"]
[BlackFideId "4184521"]
[WhiteElo "2392"]
[BlackElo "2232"]
[Result "1-0"]
[Round "03"]
[TimeControl "180+2"]
[Date "2023.02.07"]
[WhiteClock "0:00:11"]
[BlackClock "0:00:02"]

1. e4 c5 2. Nc3 d6 3. g3 g6 4. Bg2 Bg7 5. Nge2 Nc6 6. d3 e6 7. Be3 Nd4 8. Qd2 Rb8 9. Nd1 Ne7 10. c3 Nxe2 11. Qxe2 b5 12. d4 c4 13. O-O O-O 14. a4 a6 15. axb5 axb5 16. f4 d5 17. Nf2 b4 18. e5 h5 19. Bd2 b3 20. h3 Nf5 21. Qf3 Bd7 22. Nd1 Qe7 23. Ne3 Ra8 24. Nxf5 gxf5 25. Qxh5 Bc6 26. Rab1 Ra2 27. g4 fxg4 28. hxg4 f5 29. g5 Rfa8 30. Kf2 Qa7 31. Ke3 Qe7 32. Rh1 R8a7 33. Bf3 Qd8 34. Qg6 Qa8 35. Qxe6+ Kf8 36. Qd6+ Kg8 37. Qe6+ Kf8 38. Qxf5+ Kg8 39. Bh5 Be8 40. Qe6+ Bf7 41. Bxf7+ Rxf7 42. Qg4 Rfa7 43. Qe6+ Kf8 44. f5 R7a6 45. Qd7 Ra7 46. Qd6+ Kg8 47. f6 R7a6 48. Qd7 Bf8 49. Qh3 Ra7 50. g6 1-0


[Site "https://www.chess.com"]

[Event "Titled Tuesday Blitz February 07 Early 2023"]
[White "Lianes Garcia, Marcos"]
[Black "Yeritsyan, Hayk"]
[WhiteFideId "32060777"]
[BlackFideId "13307320"]
[WhiteElo "2411"]
[BlackElo "2241"]
[Result "1-0"]
[Round "03"]
[TimeControl "180+2"]
[Date "2023.02.07"]
[WhiteClock "0:02:26"]
[BlackClock "0:01:00"]

1. e4 c6 2. g3 d5 3. Bg2 e5 4. exd5 cxd5 5. d4 e4 6. Ne2 Nc6 7. O-O f5 8. c4 Nf6 9. Nbc3 Be6 10. Bg5 dxc4 11. d5 h6 12. Bxf6 Qxf6 13. dxe6 Rd8 14. Qa4 Qxe6 15. Nf4 Qf7 16. Rfd1 Bd6 17. Nfd5 O-O 18. Qxc4 Ne5 19. Qb3 Nd3 20. Bf1 Ne5 21. Be2 Kh7 22. Nf4 Qe8 23. Ne6 1-0


[Site "https://www.chess.com"]

[Event "Titled Tuesday Blitz February 07 Early 2023"]
[White "Antonios, Johnny"]
[Black "Taspinar, Yanki"]
[WhiteFideId "5300843"]
[BlackFideId "34561188"]
[WhiteElo "2269"]
[BlackElo "2262"]
[Result "1/2-1/2"]
[Round "03"]
[TimeControl "180+2"]
[Date "2023.02.07"]
[WhiteClock "0:00:27"]
[BlackClock "0:00:07"]

1. e4 e6 2. d4 d5 3. Nd2 Nf6 4. e5 Nfd7 5. c3 c5 6. Bd3 Nc6 7. Ne2 cxd4 8. cxd4 Qb6 9. Nf3 f6 10. exf6 Nxf6 11. O-O Bd6 12. b3 O-O 13. Bb2 Bd7 14. Ng3 Rae8 15. Rc1 Kh8 16. Ne5 Bc8 17. Bb1 Bxe5 18. dxe5 Ng8 19. Ba3 Nce7 20. Bc5 Qd8 21. f4 b6 22. Ba3 Nh6 23. Qc2 g6 24. Qc7 Nhg8 25. Qxd8 Rxd8 26. Rc7 Rd7 27. Rfc1 Re8 28. Ne2 Rxc7 29. Rxc7 a6 30. Nd4 Nf5 31. Bxf5 gxf5 32. Kf2 Nh6 33. h3 Kg8 34. Kf3 Nf7 35. g4 fxg4+ 36. hxg4 a5 37. Rc6 b5 38. Nxb5 Bd7 39. Rb6 Bxb5 40. Rxb5 Rc8 41. Rc5 Rxc5 42. Bxc5 Kg7 43. Bd4 Nd8 44. f5 Nc6 45. Ke3 Kf7 46. Bc3 Ke7 47. Kf4 h6 48. a3 Kf7 49. b4 axb4 50. axb4 Na7 51. Bd4 Nb5 52. Bc5 Nc3 53. Ke3 Nb5 54. f6 Kg6 55. Kd3 Kf7 56. Be3 Kg6 57. Bd2 Kf7 58. Bxh6 Kg6 59. Bd2 Na7 60. Kd4 Nc6+ 61. Kc5 Nxe5 62. Kd6 Nc4+ 63. Kxe6 Nxd2 64. Kxd5 Kxf6 65. b5 Nb3 66. b6 Na5 67. Ke4 Kg5 68. Kf3 Nb7 69. Kg3 Nd6 70. Kf3 Nb7 71. Ke4 Kxg4 72. Kd5 Kf5 73. Kc6 Na5+ 74. Kb5 Nb7 75. Kc6 Na5+ 76. Kb5 Nb7 77. Kc6 1/2-1/2


[Site "https://www.chess.com"]

[Event "Titled Tuesday Blitz February 07 Early 2023"]
[White "Md, Imran"]
[Black "Minko, Dmitry"]
[WhiteFideId "25748580"]
[BlackFideId "24188468"]
[WhiteElo "2284"]
[BlackElo "2247"]
[Result "1-0"]
[Round "03"]
[TimeControl "180+2"]
[Date "2023.02.07"]
[WhiteClock "0:01:09"]
[BlackClock "0:00:01"]

1. e4 e5 2. Nf3 Nc6 3. Bb5 Nf6 4. d3 Ne7 5. O-O c6 6. Ba4 Ng6 7. c3 Be7 8. Re1 O-O 9. Nbd2 Qc7 10. Bc2 d5 11. d4 dxe4 12. dxe5 exf3 13. exf6 Bxf6 14. Qxf3 Be5 15. Nf1 Be6 16. g3 Bd5 17. Qh5 Rfe8 18. Ne3 Bd6 19. Bd2 Be6 20. Rad1 Rad8 21. Nf5 Bf8 22. Bg5 Rxd1 23. Rxd1 Qb6 24. b4 a5 25. Be3 Qc7 26. Nd4 axb4 27. Nxe6 Rxe6 28. cxb4 Bxb4 29. Bb3 Re8 30. Qf5 Ne5 31. f4 Ng6 32. Rd7 Ne7 1-0


[Site "https://www.chess.com"]

[Event "Titled Tuesday Blitz February 07 Early 2023"]
[White "Manukian, Artak"]
[Black "Papasimakopoulos, Alexandros"]
[WhiteFideId "13301373"]
[BlackFideId "4244125"]
[WhiteElo "2196"]
[BlackElo "2401"]
[Result "1-0"]
[Round "03"]
[TimeControl "180+2"]
[Date "2023.02.07"]
[WhiteClock "0:00:15"]
[BlackClock "0:00:03"]

1. e4 e6 2. d4 d5 3. e5 b6 4. c3 Qd7 5. Nf3 Ne7 6. Bd3 Ba6 7. O-O Bxd3 8. Qxd3 Nf5 9. Nbd2 Be7 10. Rd1 c5 11. Nf1 Nc6 12. Ne3 Nxe3 13. Bxe3 O-O 14. h4 f6 15. exf6 c4 16. Qe2 Bxf6 17. Bg5 h6 18. Bxf6 Rxf6 19. Ne5 Nxe5 20. Qxe5 Raf8 21. Rd2 Rf5 22. Qg3 Kh7 23. Re1 R8f6 24. Re5 Rf4 25. Rde2 Qf7 26. h5 R4f5 27. Rxf5 exf5 28. Qf3 f4 29. Re5 Rf5 30. Qg4 Rf6 31. f3 b5 32. Qc8 a6 33. Kf2 g6 34. hxg6+ Rxg6 35. Qd8 Qg7 36. g4 fxg3+ 37. Kg2 Qf6 38. Qxf6 Rxf6 39. Rxd5 Kg6 40. Kxg3 Re6 41. Re5 Rd6 42. f4 Rd8 43. Kh4 Rf8 44. Kg4 Rg8 45. f5+ Kf7+ 46. Kf4 Rg2 47. Re6 Rxb2 48. Rxa6 Rc2 49. Rxh6 Rxc3 50. Ke5 Re3+ 51. Kd5 c3 52. Rc6 b4 53. Kc4 Re2 54. Kxb4 c2 55. a4 Rd2 56. Kb3 Rxd4 57. Rxc2 Kf6 58. Rc5 Rd1 59. a5 Rb1+ 60. Kc4 Ke7 61. Rd5 Rc1+ 62. Kb5 Rb1+ 63. Kc6 Rc1+ 64. Kb6 Rb1+ 65. Rb5 Ra1 66. Kb7 Kd7 67. a6 Rc1 68. a7 Rc7+ 69. Ka6 Rc6+ 70. Rb6 Rc1 71. a8=Q Kc7 72. Qb8+ Kd7 73. Rd6+ Ke7 74. Qd8+ Kf7 75. Rf6+ Kg7 76. Qf8+ Kh7 77. Rh6# 1-0


[Site "https://www.chess.com"]

[Event "Titled Tuesday Blitz February 07 Early 2023"]
[White "Dehtiarov, Roman"]
[Black "Guliev, Logman"]
[WhiteFideId "14186640"]
[BlackFideId "13400061"]
[WhiteElo "2289"]
[BlackElo "2250"]
[Result "1-0"]
[Round "03"]
[TimeControl "180+2"]
[Date "2023.02.07"]
[WhiteClock "0:01:48"]
[BlackClock "0:01:02"]

1. e4 c5 2. Nc3 d6 3. f4 e6 4. Nf3 Nf6 5. Bb5+ Bd7 6. Bxd7+ Qxd7 7. O-O Nc6 8. d3 Be7 9. Qe1 O-O 10. h3 Nd4 11. Qf2 Nxf3+ 12. Qxf3 b5 13. Be3 b4 14. Ne2 a5 15. g4 Qb5 16. f5 Nd7 17. Nf4 Ne5 18. Qg3 Qd7 19. Rf2 d5 20. Nh5 f6 21. Nf4 exf5 22. gxf5 dxe4 23. dxe4 Rf7 24. Ne6 Ra6 25. Bf4 Qd4 26. Nxd4 1-0


[Site "https://www.chess.com"]

[Event "Titled Tuesday Blitz February 07 Early 2023"]
[White "Mohammed, Zozek Salah Mohammed"]
[Black "Nigmatov, Ortik"]
[WhiteFideId "4803361"]
[BlackFideId "14202131"]
[WhiteElo "2210"]
[BlackElo "2438"]
[Result "0-1"]
[Round "03"]
[TimeControl "180+2"]
[Date "2023.02.07"]
[WhiteClock "0:00:03"]
[BlackClock "0:00:48"]

1. d4 Nf6 2. Nf3 g6 3. g3 Bg7 4. Bg2 O-O 5. O-O d6 6. b3 c5 7. Bb2 cxd4 8. Nxd4 d5 9. c4 dxc4 10. bxc4 Qa5 11. Nd2 Rd8 12. N2b3 Qc7 13. Nb5 Qb6 14. Bd4 Rxd4 15. Qxd4 Nc6 16. Qxb6 axb6 17. Rad1 Bg4 18. Rd2 Rc8 19. Rfd1 Bh6 20. f4 Bf8 21. h3 Be6 22. Bd5 Bxh3 23. e4 Bg4 24. Rb1 Nb4 25. Bxb7 Rxc4 26. Rd8 Nxa2 27. Ra1 Rc2 28. N3d4 Rb2 29. Nc6 Kg7 30. Nbd4 Nh5 31. Ra8 Nc3 32. R8a3 Nxe4 33. Nd8 Nhxg3 34. Rb3 Rd2 35. Nb5 e6 36. Bxe4 Bc5+ 0-1


[Site "https://www.chess.com"]

[Event "Titled Tuesday Blitz February 07 Early 2023"]
[White "Fiorito, Joaquin"]
[Black "Sai Han Thiha"]
[WhiteFideId "180173"]
[BlackFideId "13012290"]
[WhiteElo "2405"]
[BlackElo "2070"]
[Result "1-0"]
[Round "03"]
[TimeControl "180+2"]
[Date "2023.02.07"]
[WhiteClock "0:00:55"]
[BlackClock "0:00:06"]

1. d4 Nf6 2. Nc3 d5 3. Bf4 c5 4. e4 Nxe4 5. Bb5+ Nc6 6. Nxe4 dxe4 7. Ne2 e6 8. Bxc6+ bxc6 9. dxc5 Bxc5 10. Qxd8+ Kxd8 11. O-O-O+ Ke7 12. Nd4 Bb7 13. Be3 Bb6 14. Nb3 f5 15. Nc5 Bc8 16. Bd4 e5 17. Bxe5 Bxc5 18. f3 e3 19. c3 Be6 20. b4 Bb6 21. a4 a5 22. b5 cxb5 23. axb5 Rhd8 24. Bxg7 Rac8 25. Rhe1 f4 26. g3 fxg3 27. hxg3 Rg8 28. Be5 Rc5 29. Bd4 Rxb5 30. Rxe3 Bxd4 31. cxd4 1-0


[Site "https://www.chess.com"]

[Event "Titled Tuesday Blitz February 07 Early 2023"]
[White "Baches Garcia, Guillermo"]
[Black "Pacan-Milej, Kosma"]
[WhiteFideId "2209764"]
[BlackFideId "21800537"]
[WhiteElo "2327"]
[BlackElo "2402"]
[Result "0-1"]
[Round "03"]
[TimeControl "180+2"]
[Date "2023.02.07"]
[WhiteClock "0:00:25"]
[BlackClock "0:01:00"]

1. e4 c6 2. c4 d5 3. exd5 cxd5 4. cxd5 Nf6 5. Nc3 Nbd7 6. Bc4 Nb6 7. d3 g6 8. Qb3 Bg7 9. Nf3 O-O 10. O-O a6 11. Be3 Nbd7 12. a4 b6 13. Nd4 Nc5 14. Qa3 Bb7 15. Nc6 Qd6 16. Ne4 Nfxe4 17. dxe4 Bxc6 18. dxc6 Nxe4 19. Qxd6 Nxd6 20. Bd5 e6 21. Bf3 Nc4 22. Rac1 Nxe3 23. fxe3 Rac8 24. Rfd1 Bxb2 25. Rb1 Ba3 26. Rxb6 a5 27. Kf2 Kg7 28. Rb5 Bb4 29. Rd7 Rfd8 30. Rbb7 Rxd7 31. Rxd7 Bc3 32. Ke2 Kf6 33. Kd3 Be5 34. g3 Rc7 35. Rxc7 Bxc7 36. Ke4 Ke7 37. h4 Bxg3 38. h5 Kd6 39. hxg6 hxg6 40. Kd3 f5 41. Kc4 Bf2 42. e4 g5 43. exf5 exf5 44. Kd3 g4 45. Bg2 Bb6 46. Ke2 Ke5 47. Kf1 Kf4 48. Bd5 Kg3 0-1


[Site "https://www.chess.com"]

[Event "Titled Tuesday Blitz February 07 Early 2023"]
[White "Sammed Jaykumar, Shete"]
[Black "Gjestemoen-VonHirsch, Andre"]
[WhiteFideId "5073421"]
[BlackFideId "1539531"]
[WhiteElo "2440"]
[BlackElo "2314"]
[Result "0-1"]
[Round "03"]
[TimeControl "180+2"]
[Date "2023.02.07"]
[WhiteClock "0:00:14"]
[BlackClock "0:00:40"]

1. Nf3 Nf6 2. g3 g6 3. Bg2 Bg7 4. O-O O-O 5. d4 d5 6. Nc3 c6 7. Re1 Bf5 8. Nh4 Bg4 9. h3 Be6 10. Bf4 Qd7 11. g4 h5 12. g5 Ne8 13. Qd3 Na6 14. a3 Nac7 15. Rad1 Rd8 16. e4 dxe4 17. Nxe4 Bxd4 18. c3 Bb6 19. Qf3 Qc8 20. Be5 Bd5 21. Qe2 Qe6 22. Bg3 Ng7 23. Kh2 Bb3 24. Rxd8 Rxd8 25. Qf1 Qc4 26. Qh1 Nce6 27. Bf1 Qa4 28. Qf3 Bd5 29. Qe2 Qxe4 30. Qxe4 Bxe4 31. Rxe4 Rd2 32. b4 Bxf2 33. Nf3 Bxg3+ 34. Kxg3 Nf5# 0-1


[Site "https://www.chess.com"]

[Event "Titled Tuesday Blitz February 07 Early 2023"]
[White "The_Sherman_Variation"]
[Black "Dong, Bao Nghia"]
[BlackFideId "12400343"]
[WhiteElo "2461"]
[BlackElo "2332"]
[Result "1/2-1/2"]
[Round "03"]
[TimeControl "180+2"]
[Date "2023.02.07"]
[WhiteClock "0:00:15"]
[BlackClock "0:01:33"]

1. e4 e6 2. d4 d5 3. Bd3 Nc6 4. c3 e5 5. Ne2 exd4 6. cxd4 dxe4 7. Bxe4 Nf6 8. Bf3 Bg4 9. Bxg4 Nxg4 10. h3 Nf6 11. O-O Be7 12. Nbc3 O-O 13. Bf4 Nb4 14. Bg3 c6 15. Nf4 Nbd5 16. Nd3 Re8 17. Ne5 Bb4 18. Qd3 Bxc3 19. bxc3 Rc8 20. Rab1 Nb6 21. c4 c5 22. d5 Nh5 23. Bh2 Qf6 24. Ng4 Qd4 25. Qf5 g6 26. Qf3 f5 27. Nh6+ Kg7 28. Nxf5+ gxf5 29. Qxh5 Qxc4 30. Qg5+ Kh8 31. Qf6+ Kg8 32. Be5 Rxe5 33. Qxe5 Qxd5 34. Qxd5+ Nxd5 35. Rxb7 c4 36. Rc1 c3 37. Rb5 Nf4 38. Rc2 Ne2+ 39. Rxe2 c2 40. Rxc2 Rxc2 41. Rb8+ Kf7 42. Rb7+ Kg6 43. Rxa7 Kg5 44. f3 Kf4 45. Rxh7 Rxa2 46. Kh2 Ke3 47. Rb7 Kf2 48. h4 f4 49. Rb1 Rc2 50. Kh3 Ke3 51. Rb3+ Kd4 52. Rb4+ Ke5 53. Rb5+ Kf6 54. Rg5 Ra2 55. Rg4 Kf5 56. h5 Ra1 57. Kh2 Ra6 58. Rh4 Kg5 59. g3 fxg3+ 60. Kxg3 Kh6 61. Rh3 Ra4 62. Rh1 Ra3 63. Kg4 Ra8 64. f4 Rg8+ 65. Kh4 Rg2 66. Rb1 Rh2+ 67. Kg4 Rg2+ 68. Kf3 Ra2 69. Rb5 Rh2 70. Rg5 Ra2 71. Ke4 Ra4+ 72. Kf5 Ra5+ 73. Kg4 Ra6 74. Rg8 Kh7 75. Rb8 Kh6 76. Rb5 Rc6 77. Re5 Ra6 78. Re8 Rb6 79. Rh8+ Kg7 80. Rc8 Kh6 81. Rc5 Ra6 82. Rg5 Rb6 83. Re5 Ra6 84. Kf3 Ra3+ 85. Ke4 Ra4+ 86. Kf5 Kxh5 87. Kf6+ Kh6 88. f5 Ra8 89. Re7 Ra6+ 90. Kf7 Kg5 91. Re5 Rf6+ 92. Kg7 Rxf5 93. Rxf5+ Kxf5 1/2-1/2


[Site "https://www.chess.com"]

[Event "Titled Tuesday Blitz February 07 Early 2023"]
[White "Przybylski, Wojciech"]
[Black "EREBUNI91"]
[WhiteFideId "1117599"]
[WhiteElo "2321"]
[BlackElo "2666"]
[Result "1/2-1/2"]
[Round "03"]
[TimeControl "180+2"]
[Date "2023.02.07"]
[WhiteClock "0:00:07"]
[BlackClock "0:00:13"]

1. e4 c6 2. d4 d5 3. e5 Bf5 4. c4 e6 5. Nc3 Bb4 6. a3 Bxc3+ 7. bxc3 Ne7 8. Be3 O-O 9. Qd2 Nd7 10. Ne2 dxc4 11. Ng3 b5 12. Nxf5 Nxf5 13. g3 Nb6 14. Bg2 Nd5 15. O-O a5 16. Bg5 Qb6 17. g4 Nfe7 18. f4 b4 19. Bxe7 Nxe7 20. axb4 axb4 21. cxb4 Nd5 22. Bxd5 cxd5 23. f5 Rxa1 24. Rxa1 Rb8 25. f6 Qd8 26. Qg5 g6 27. b5 Qf8 28. Rb1 h6 29. Qd2 Kh7 30. b6 Qa3 31. b7 Qa7 32. Qb2 c3 33. Qxc3 Rxb7 34. Rxb7 Qxb7 35. Kg2 Qb8 36. h4 Qb7 37. g5 h5 38. Qc5 Qb2+ 39. Kg3 Qb3+ 40. Kg2 Qb8 41. Qe7 Kg8 42. Qc5 Qb2+ 43. Kg3 Qb3+ 44. Kg2 Qa2+ 45. Kg3 Qb3+ 46. Kg2 Qb8 47. Kg3 Qb3+ 1/2-1/2


[Site "https://www.chess.com"]

[Event "Titled Tuesday Blitz February 07 Early 2023"]
[White "Degenbaev, Aziz"]
[Black "Jain Kashish Manoj"]
[WhiteFideId "13802640"]
[BlackFideId "35081098"]
[WhiteElo "2203"]
[BlackElo "2375"]
[Result "1-0"]
[Round "03"]
[TimeControl "180+2"]
[Date "2023.02.07"]
[WhiteClock "0:00:12"]
[BlackClock "0:00:05"]

1. e4 c5 2. Nf3 a6 3. c3 e6 4. d4 d5 5. e5 Bd7 6. Be2 Bb5 7. O-O Bxe2 8. Qxe2 Nc6 9. a3 Na5 10. Nbd2 cxd4 11. Nxd4 Ne7 12. f4 Nac6 13. N2f3 Nxd4 14. Nxd4 g6 15. Kh1 Rc8 16. Be3 Nf5 17. Nxf5 gxf5 18. Rad1 Be7 19. Qh5 Qd7 20. Rf2 Qa4 21. Re1 Bc5 22. Bxc5 Rxc5 23. g4 fxg4 24. f5 Qc6 25. fxe6 Qxe6 26. Rf6 Qe7 27. Ref1 Rc7 28. e6 O-O 29. Qxg4+ Kh8 30. Qd4 Rc4 31. Rxf7+ Rxd4 32. Rxf8+ Kg7 33. R8f7+ Qxf7 1-0


[Site "https://www.chess.com"]

[Event "Titled Tuesday Blitz February 07 Early 2023"]
[White "Valle Maytin, Luis Enrique"]
[Black "Souleidis, Georgios"]
[WhiteFideId "3503666"]
[BlackFideId "4206827"]
[WhiteElo "2241"]
[BlackElo "2419"]
[Result "1-0"]
[Round "03"]
[TimeControl "180+2"]
[Date "2023.02.07"]
[WhiteClock "0:01:28"]
[BlackClock "0:00:09"]

1. e4 c5 2. Nf3 e6 3. d4 cxd4 4. Nxd4 Nf6 5. Nc3 Nc6 6. a3 Be7 7. f4 d6 8. Be2 O-O 9. Be3 Qc7 10. O-O a6 11. Qe1 Nxd4 12. Bxd4 e5 13. fxe5 dxe5 14. Qg3 Bc5 15. Bxc5 Qxc5+ 16. Kh1 Qe7 17. Rae1 Bd7 18. Bc4 Bc6 19. Nd5 Bxd5 20. exd5 Rfe8 21. d6 Qxd6 22. Rxf6 Qxf6 23. Rf1 Qd6 24. Rxf7 Qh6 25. Rf6+ Kh8 26. Rxh6 gxh6 27. Qe3 e4 28. Qd4+ 1-0


[Site "https://www.chess.com"]

[Event "Titled Tuesday Blitz February 07 Early 2023"]
[White "Tillyaev, Ulugbek"]
[Black "Bozorov, Makhsum"]
[WhiteFideId "14202441"]
[BlackFideId "14201330"]
[WhiteElo "2287"]
[BlackElo "2145"]
[Result "1-0"]
[Round "03"]
[TimeControl "180+2"]
[Date "2023.02.07"]
[WhiteClock "0:00:17"]
[BlackClock "0:00:16"]

1. Nf3 Nf6 2. b3 g6 3. Bb2 Bg7 4. g3 O-O 5. Bg2 b6 6. O-O Bb7 7. c4 c5 8. d3 d6 9. Nc3 Nbd7 10. Qd2 a6 11. Rad1 Rc8 12. e3 Qc7 13. d4 cxd4 14. Nxd4 Bxg2 15. Kxg2 Qb7+ 16. f3 Rc5 17. Ba3 Rcc8 18. e4 Ne5 19. Rc1 Nc6 20. Nxc6 Rxc6 21. Nd5 Rcc8 22. Bb2 Nxd5 23. Bxg7 Ne3+ 24. Qxe3 Kxg7 25. h4 b5 26. c5 dxc5 27. Rxc5 Rxc5 28. Qxc5 Rc8 29. Qd4+ Kg8 30. Rf2 h5 31. Rd2 Qc7 32. e5 e6 33. Qd6 Qxd6 34. exd6 Kf8 35. Kf2 Rd8 36. Ke3 Ke8 37. Kf4 f6 38. g4 hxg4 39. fxg4 Kd7 40. h5 g5+ 41. Ke4 Rf8 42. Kf3 f5 43. b4 Rf7 44. a3 Rf8 45. Rd3 Rf7 46. Kg3 Rf8 47. Kf3 Rf7 48. Rd1 Rf8 49. Rg1 Kxd6 50. gxf5 Rxf5+ 51. Kg4 Ke5 52. h6 Rf8 53. Re1+ Kd5 54. Kxg5 Rf2 55. h7 Rh2 56. Kg6 e5 57. Rg1 Kd4 58. Kg7 e4 59. h8=Q Rxh8 60. Kxh8 Ke3 61. Rg6 Kd2 62. Rd6+ Kc3 63. Re6 Kd3 64. Rxa6 e3 65. Rb6 e2 66. Rd6+ Kc3 67. Re6 Kd2 68. Rd6+ Kc2 69. Re6 Kd2 70. Kg7 e1=Q 71. Rxe1 Kxe1 72. Kf6 Kd2 73. Ke5 Kc3 74. Kd5 Kb3 75. Kc5 Ka4 76. Kb6 Kxa3 77. Kxb5 Kb3 78. Kc5 1-0


[Site "https://www.chess.com"]